 Dungeon Crawl Stone Soup version 0.23-a0-639-ga9a3373 (console) character file.

32 Duffy the Firebug (level 3, 15/24 HPs)
             Began as a Demonspawn Fire Elementalist on Dec 29, 2018.
             Quit the game on level 1 of the Dungeon.
             The game lasted 00:00:49 (929 turns).

Duffy the Firebug (Demonspawn Fire Elementalist)     Turns: 929, Time: 00:00:49

Health: 15/24      AC:  2    Str:  8    XL:     3   Next: 10%
Magic:  1/6        EV: 14    Int: 17    God:
Gold:   19         SH:  4    Dex: 13    Spells: 6/7 levels left

rFire    . . .     SeeInvis .   b - +0 short sword
rCold    . . .     Gourm    .   (no shield)
rNeg     . . .     Faith    .   a - +0 robe
rPois    .         Spirit   .   (no helmet)
rElec    .         Reflect  .   (no cloak)
rCorr    +         Harm     .   (no gloves)
MR       .....                  (no boots)
Stlth    ++........             (no amulet)
HPRegen  0.08/turn              o - ring of resist corrosion
MPRegen  0.10/turn              l - +2 ring of evasion

@: no status effects
A: large bone plates 1, spiny 1
a: no special abilities


You were on level 1 of the Dungeon.
You were not hungry.

You visited 1 branch of the dungeon, and saw 1 of its levels.

You collected 19 gold pieces.

Inventory:

Hand Weapons
 b - a +0 short sword (weapon)
Armour
 a - a +0 robe (worn)
Jewellery
 j - an uncursed ring of protection from cold
 l - a +2 ring of evasion (right hand)
 o - a ring of resist corrosion (left hand)
Scrolls
 e - a scroll of blinking {unknown}
 f - a scroll of remove curse {unknown}
 g - a scroll of magic mapping {unknown}
 h - 4 scrolls of teleportation {unknown}
 m - a scroll of noise {unknown}
Potions
 i - a potion of lignification {unknown}
 k - a potion of ambrosia {unknown}
 n - a potion of heal wounds {unknown}
Comestibles
 c - 2 rations
 d - 5 chunks of flesh


   Skills:
 - Level 1.7 Dodging
 - Level 1.7 Stealth
 + Level 2.5 Spellcasting
 + Level 1.9 Conjurations
 + Level 3.1 Fire Magic


You had 6 spell levels left.
You knew the following spells:

 Your Spells              Type           Power        Failure   Level  Hunger
h - Flame Tongue          Conj/Fire      ##...        6%          1    #......

Your spell library contained the following spells:

 Spells                   Type           Power        Failure   Level  Hunger
 Throw Flame              Conj/Fire      ##....       10%         2    ##.....
 Conjure Flame            Conj/Fire      ##......     19%         3    ###....
 Inner Flame              Hex/Fire       #.......     28%         3    ###....
 Sticky Flame             Conj/Fire      ##......     54%         4    #####..
 Fireball                 Conj/Fire      ##........   87%         5    ######.


Dungeon Overview and Level Annotations

Branches:
Dungeon (1/15)

Altars:


Innate Abilities, Weirdness & Mutations

You are partially covered in large bone plates. (SH +4)
You are partially covered in sharp spines.


Message History

Casting: Flame Tongue (safe; 8% risk of failure)
Confirm with . or Enter, or press ? or * to list all spells.
Aiming: Flame Tongue (safe; 8% risk of failure)
Press: ? - help, Shift-Dir - straight line, f/p - ooze
Aim: an ooze (severely wounded)
The flame tongue hits the ooze.
You kill the ooze!
You have reached level 3!
Your experience leads to an increase in your attributes!
Increase (S)trength, (I)ntelligence, or (D)exterity?
You feel clever.
Your demonic ancestry asserts itself...
Sharp spines emerge from parts of your body.
The dart slug launches a dart at you. The slug dart hits you!
You hit the dart slug.
The dart slug is severely wounded.
The dart slug is struck by your spines. The dart slug misses you.
You hit the dart slug.
You kill the dart slug!
Are you sure you want to abandon this character and quit the game? (Confirm

....%.###.####.........##########
#####........#.#...##..#
#.###.##.#.##.###..# #.#
#.##.#.##.###..# #%#
#...........#...
#.######........#..##
#............>......
#####.######...........# ......#
#....@...##.# ##....###
#....%...# #......## #........#
##...77..# #....(..... >........#
#..##.###### ##.......# #.. #.#
#..###..# #.. #.# #.. #.## #. #.#
#..###.#


There were no monsters in sight!

Vanquished Creatures
  An ooze (D:1)
  2 dart slugs (D:1)
  A leopard gecko (D:1)
  4 bats (D:1)
  2 goblins (D:1)
  3 hobgoblins (D:1)
  2 jackals (D:1)
  2 kobolds (D:1)
  A ball python (D:1)
  3 frilled lizards (D:1)
  2 rats (D:1)
23 creatures vanquished.

Notes
Turn   | Place    | Note
-------+----------+-------------------------------------------
     0 | D:1      | Duffy the Demonspawn Fire Elementalist began the quest for
                  | the Orb.
     0 | D:1      | Reached XP level 1. HP: 13/13 MP: 3/3
   266 | D:1      | Gained mutation: You are partially covered in large bone
                  | plates. (SH +4) [demonic ancestry]
   266 | D:1      | Reached XP level 2. HP: 19/19 MP: 0/5
   601 | D:1      | Reached skill level 3 in Fire Magic
   925 | D:1      | Gained mutation: You are partially covered in sharp spines.
                  | [demonic ancestry]
   925 | D:1      | Reached XP level 3. HP: 20/24 MP: 1/6
   929 | D:1      | Quit the game

Vault maps used:
D:1:      ncdulo_smallfort, chequers_mini_garden

Skill      XL: |  1  2 |
---------------+-------+-----
Fire Magic     | 3 |  3.1
Dodging        | |  1.7
Stealth        | |  1.7
Spellcasting   | |  2.5
Conjurations   | |  1.9

Action                   || total
-------------------------++-------
Melee: Short sword       ||    17
 Cast: Flame Tongue      ||    36
 Stab: Sleeping          ||     1
Armor: Robe              ||     8
Dodge: Dodged            ||    18
Block: Other             ||     2

Table legend:
 A = Non-vault XP
 B = Vault XP
 C = Vault XP percentage of total XP
 D = Non-vault monster count
 E = Vault monster count
 F = Vault count percentage of total count
                 A         B        C        D         E       F
            +---------+---------+-------+---------+---------+-------
      Total |      47 |       0 |   0.0 |      23 |       0 |   0.0
            +---------+---------+-------+---------+---------+-------
        D:1 |      47 |       0 |   0.0 |      23 |       0 |   0.0
            +---------+---------+-------+---------+---------+-------
